 Dungeon Crawl Stone Soup version 0.29.0-7-g18a832c13a (webtiles) character file.

Game seed: 16583352997610448863

91 blackman the Trooper (level 4, -1/40 HPs)
             Began as a Human Wanderer on Sept 1, 2022.
             Killed by nerve-wracking pain
             ... invoked by Grinder
              (5 damage)
             ... on level 3 of the Dungeon.
             The game lasted 00:04:21 (1708 turns).

blackman the Trooper (Human Wanderer)               Turns: 1708, Time: 00:04:22

Health: -1/40      AC:  6    Str: 18    XL:     4   Next: 88%
Magic:  1/5        EV: 11    Int: 12    God:
Gold:   205        SH:  0    Dex:  9    Spells: 4/5 levels left

rFire   . . .      SeeInvis .   a - +1 hand axe
rCold   . . .      Faith    .   (no shield)
rNeg    . . .      Spirit   .   c - +0 leather armour
rPois   .          Reflect  .   (no helmet)
rElec   .          Harm     .   (no cloak)
rCorr   .          Rampage  .   (no gloves)
Will    .....                   h - +2 pair of boots
Stlth   +.........              (no amulet)
HPRegen 0.13/turn               (no ring)
MPRegen 0.09/turn               (no ring)

@: slowed, very slow
A: no striking features
a: no special abilities


You were on level 3 of the Dungeon.
You visited 1 branch of the dungeon, and saw 3 of its levels.

You collected 205 gold pieces.

Inventory:

Hand Weapons
 a - a +1 hand axe (weapon)
Armour
 c - a +0 leather armour (worn)
 h - a +2 pair of boots (worn)
Jewellery
 j - a ring of protection from cold
Scrolls
 e - a scroll of summoning {unknown}
 g - 3 scrolls of identify {unknown}
 i - 3 scrolls of enchant weapon {unknown}
 l - a scroll of poison {unknown}
Potions
 b - a potion of heal wounds
 d - a potion of degeneration {unknown}
 f - a potion of flight {unknown}
 k - a potion of brilliance {unknown}


   Skills:
 + Level 5.9 Fighting
 - Level 1.0 Axes
 - Level 1.0 Stealth
 - Level 1.0 Spellcasting
 - Level 2.0 Fire Magic
 - Level 1.0 Invocations


You had 4 spell levels left.
You knew the following spells:

 Your Spells              Type           Power      Damage    Failure   Level
a - Foxfire               Conj/Fire      12%        2x1d4     24%         1

Your spell library contained the following spells:

 Spells                   Type           Power      Damage    Failure   Level
 Sublimation of Blood     Necr           0%         N/A       47%         2
 Wereblood                Tmut           0%         N/A       47%         2
 Conjure Flame            Conj/Fire      3%         6-21      56%         3
 Inner Flame              Hex/Fire       3%         N/A       56%         3
 Dazzling Flash           Conj/Hex       0%         N/A       71%         3
 Portal Projectile        Hex/Tloc       0%         N/A       71%         3
 Cause Fear               Hex            0%         N/A       98%         4
 Fulminant Prism          Conj/Hex       0%         3d6       98%         4
 Freezing Cloud           Conj/Ice/Air   0%         6-21      100%        5
 Summon Hydra             Summ           0%         N/A       100%        7


Dungeon Overview and Level Annotations

Branches:
Dungeon (3/15)

Altars:
Elyvilon
Hepliaklqana

Annotations:
D:3 Grinder


Message History

Casting: Foxfire (safe; 24% risk of failure)
Confirm with . or Enter, or press ? or * to list all spells.
You don't have enough magic to cast this spell.
Casting: Foxfire (safe; 24% risk of failure)
Confirm with . or Enter, or press ? or * to list all spells.
You don't have enough magic to cast this spell.
Casting: Foxfire (safe; 24% risk of failure)
Confirm with . or Enter, or press ? or * to list all spells.
You don't have enough magic to cast this spell.
Casting: Foxfire (safe; 24% risk of failure)
Confirm with . or Enter, or press ? or * to list all spells.
You don't have enough magic to cast this spell.
Casting: Foxfire (safe; 24% risk of failure)
Confirm with . or Enter, or press ? or * to list all spells.
You don't have enough magic to cast this spell.
Casting: Foxfire (safe; 24% risk of failure)
Confirm with . or Enter, or press ? or * to list all spells.
You don't have enough magic to cast this spell.
Casting: Foxfire (safe; 24% risk of failure)
Confirm with . or Enter, or press ? or * to list all spells.
You don't have enough magic to cast this spell.
Unknown command.
The foxfire hits Grinder but does no damage.
Grinder is lightly wounded.
Grinder attacks as you move away! Grinder hits you but does no damage.
Grinder blinks!
Grinder blinks!
Your magical contamination has completely faded away.
Grinder gestures at you. Pain shoots through your body!
* * * LOW HITPOINT WARNING * * *
Grinder gestures at you.
You suddenly lose the ability to move!
Grinder hits you but does no damage.
You can move again.
Grinder barely misses you. Grinder attacks as you move away!
Grinder hits you but does no damage. Grinder gestures at you.
Pain shoots through your body!
You die...

##.............##
#######...............#
#.....................#
#.....................#
#.....................#
#.....................#
#...)........†.....<..# #
#....................## ###
#.......#.......@...###########..
#...............5................
#.......#####.....##########....#
........# ##.......## #....#
..#####.# #.........########....#
....###.# #.........#...#.......#
........###.........#...........#
.........##...†.....#.....####..#
##......................### ##.#


You could see Grinder.

Vanquished Creatures
  Natasha (D:3)
  An adder (D:2)
  A dart slug (D:2)
  4 ball pythons
  3 endoplasms
  2 giant cockroaches (D:1)
  5 goblins
  7 hobgoblins
  6 jackals
  6 quokkas
  A bat (D:2)
  4 frilled lizards
  3 kobolds (D:1)
  7 rats
51 creatures vanquished.

Vanquished Creatures (others)
  20 foxfires (D:3)
20 creatures vanquished.

Grand Total: 71 creatures vanquished

Notes
Turn   | Place    | Note
-------+----------+-------------------------------------------
     0 | D:1      | blackman the Human Wanderer began the quest for the Orb.
     0 | D:1      | blackman set off with the following items: a +1 hand axe, a
                  | potion of heal wounds, a +0 leather armour; and the
                  | following spell memorised: Foxfire; and the following
                  | spells available to memorise: Conjure Flame, Inner Flame.
     0 | D:1      | Reached XP level 1. HP: 19/19 MP: 2/2
   270 | D:1      | Reached XP level 2. HP: 26/26 MP: 3/3
   674 | D:2      | Reached XP level 3. HP: 29/32 MP: 4/4
   827 | D:2      | Reached skill level 5 in Fighting
  1086 | D:2      | Got the Guidebook on Voltaic Spellbinding
  1107 | D:2      | Reached XP level 4. HP: 38/39 MP: 5/5
  1362 | D:3      | Found a white marble altar of Elyvilon.
  1449 | D:3      | Found a hazy altar of Hepliaklqana.
  1631 | D:3      | Noticed Grinder
  1632 | D:3      | Noticed Natasha
  1693 | D:3      | Paralysed by Grinder for 3 turns
  1697 | D:3      | Killed Natasha
  1704 | D:3      | Paralysed by Grinder for 3 turns
  1708 | D:3      | Killed from afar by Grinder

Illustrated notes

Levels and vault maps discovered:
D:1:      lemuel_arrival_room, layout_rooms, minmay_misc_feat_x
D:2:      layout_basic
D:3:      layout_rooms, lemuel_crystal_altar, amcnicky_altar_gilded,
          uniq_jessica, uniq_natasha, uniq_grinder

Skill      XL: |  1  2  3 |
---------------+----------+-----
Fighting       | 5 |  5.9
Axes           | |  1.0
Stealth        | |  1.0
Spellcasting   | |  1.0
Fire Magic     | |  2.0
Invocations    | |  1.0

Action                   |  1- 3 |  4- 6 || total
-------------------------+-------+-------++-------
Melee: Hand axe          |   109 |    38 ||   147
 Cast: Foxfire           |       |    12 ||    12
 Stab: Sleeping          |     2 |       ||     2
Armor: Leather armour    |    51 |    13 ||    64
Dodge: Dodged            |    83 |    30 ||   113
